 Dungeon Crawl Stone Soup version 0.29-a0-925-g0a7a3d12f8 (webtiles) character file.

Game seed: 11691943740244631062

371 Essalna the Insei (level 6, 0/52 HPs)
             Began as a Draconian Transmuter on July 29, 2022.
             Slain by a gnoll bouda
             ... wielding a +0 whip
              (7 damage)
             ... on level 3 of the Dungeon.
             The game lasted 00:05:51 (2140 turns).

Essalna the Insei (Draconian Transmuter)            Turns: 2140, Time: 00:05:51

Health: 0/52       AC:  8    Str: 13    XL:     6   Next: 42%
Magic:  9/9        EV: 12    Int: 13    God:
Gold:   72         SH:  0    Dex: 13    Spells: 4/9 levels left

rFire   + . .      SeeInvis .   g - +12 whip "Biukimm" {freeze, rF+ rC- rN+ rCorr}
rCold   x . .      Faith    .   (no shield)
rNeg    + . .      Spirit   .   (body armour unavailable)
rPois   .          Reflect  .   (helmet restricted)
rElec   .          Harm     .   (no cloak)
rCorr   +          Rampage  .   b - +1 pair of gloves
Will    .....                   (no boots)
Stlth   +.........              (no amulet)
HPRegen 0.17/turn               (no ring)
MPRegen 0.11/turn               (no ring)

@: weakened
A: AC +6, unfitting armour, cold-blooded
a: no special abilities


You were on level 3 of the Dungeon.
You visited 1 branch of the dungeon, and saw 3 of its levels.

You collected 72 gold pieces.

Inventory:

Hand Weapons
 g - the +12 whip "Biukimm" (weapon) {freeze, rF+ rC- rN+ rCorr}
   (You found it on level 2 of the Dungeon)

   It freezes those it strikes, dealing additional cold damage.
   It can also slow down cold-blooded creatures.
   rF:        It protects you from fire.
   rC:        It makes you vulnerable to cold.
   rN:        It protects you from negative energy.
   rCorr:     It protects you from acid and corrosion.
Armour
 b - a +1 pair of gloves (worn)
Magical Staves
 e - a staff of cold
Scrolls
 c - a scroll of magic mapping
 h - a scroll of enchant weapon {unknown}
 i - a scroll of teleportation {unknown}
 j - a scroll of enchant armour
Potions
 a - a potion of lignification
 d - a potion of degeneration {unknown}
 f - 2 potions of curing
 k - a potion of magic


   Skills:
 + Level 4.2 Fighting
 - Level 1.7 Dodging
 - Level 4.5 Unarmed Combat
 - Level 2.0 Spellcasting
 + Level 4.2 Transmutations
 + Level 1.2 Ice Magic


You had 4 spell levels left.
You knew the following spells:

 Your Spells              Type           Power      Damage    Failure   Level
a - Beastly Appendage     Tmut           24%        N/A       4%          1
b - Ice Form              Ice/Tmut       8%         N/A       63%         4

Your spell library contained the following spells:

 Spells                   Type           Power      Damage    Failure   Level
 Wereblood                Tmut           12%        N/A       7%          2
 Spider Form              Tmut/Pois      6%         N/A       32%         3
 Airstrike                Air            0%         0-2+      94%         4
 Summon Lightning Spire   Summ/Air       1%         N/A       94%         4
 Freezing Cloud           Conj/Ice/Air   1%         6-21      99%         5
 Lightning Bolt           Conj/Air       0%         1d11      100%        5
 Simulacrum               Ice/Necr       1%         N/A       100%        6
 Polar Vortex             Ice            2%         N/A       100%        9


Dungeon Overview and Level Annotations

Branches:
Dungeon (3/15)

Altars:

Shops:
D:3 :


Innate Abilities, Weirdness & Mutations

Your plain brown scales are hard. (AC +6)
You cannot fit into any form of body armour.
You are cold-blooded and may be slowed by cold attacks.


Message History

You hit the gnoll bouda. You freeze the gnoll bouda.
Your tail-slap misses the gnoll bouda.
The gnoll bouda is moderately wounded.
The gnoll bouda barely misses you.
The gnoll hits you from afar with a +0 spear.
The gnoll bouda hits you with a +0 whip.
You closely miss the gnoll bouda.
The gnoll bouda is moderately wounded.
Your attacks no longer feel as feeble.
The gnoll hits you but does no damage.
The gnoll bouda hits you with a +0 whip.
You hit the gnoll bouda.
The gnoll bouda is heavily wounded.
The gnoll hits you from afar with a +0 spear.
The gnoll bouda hits you but does no damage.
You hit the gnoll bouda but do no damage.
The gnoll bouda is heavily wounded.
The gnoll hits you from afar with a +0 spear.
The gnoll bouda hits you but does no damage.
You whack the gnoll bouda! You freeze the gnoll bouda.
The gnoll bouda is almost dead.
The gnoll hits you from afar with a +0 spear.
The gnoll bouda mumbles some strange prayers to its god.
The gnoll bouda is healed somewhat.
You hit the gnoll bouda.
You tail-slap the gnoll bouda, but do no damage.
The gnoll bouda is almost dead.
The gnoll hits you from afar with a +0 spear!
* * * LOW HITPOINT WARNING * * *
The gnoll bouda gazes fiercely through you!
You feel your attacks grow feeble.
The gnoll bouda hits you with a +0 whip.
* * * LOW HITPOINT WARNING * * *
You barely miss the gnoll bouda.
You tail-slap the gnoll bouda, but do no damage.
Your punch misses the gnoll bouda.
The gnoll bouda is almost dead.
The gnoll barely misses you.
The gnoll bouda hits you with a +0 whip!
You die...

*.# ##.....## *, ##.#
###.......###** *, ...#
#...........,,* *,
...######.........#**,*
*, .................#*
*,* ******,
...######...gg>.#* *,*
*,,,,,, ...#
##......#** *,* *,*****
...####.......##### *,*
*,* *
........#####..g@.# *,*
*,* ..####.##...##g##.#
*,* *,* ..#
#.#.#)#.#.##.# *,* *,*
..####...#.#.†.##.#
*,*****,*
......†#.#.#†#..#.#
*,,,,,,,*****
.#####.##...##..#.#
*****,,,,,,,, .#
#..#####...#.#
*,******* .#
##.........#.# *,* #*
###########,* *,*


You could see a gnoll bouda and a gnoll (swift).

Vanquished Creatures
  Grinder (D:3)
  A jelly (D:3)
  Terence (D:2)
  3 gnolls (D:3)
  4 adders (D:3)
  A worm (D:2)
  An orc (D:3)
  4 endoplasms
  A giant cockroach (D:3)
  7 goblins
  5 hobgoblins
  4 kobolds
  2 quokkas
  3 ball pythons
  6 bats
  2 frilled lizards (D:1)
  A rat (D:3)
47 creatures vanquished.

Notes
Turn   | Place    | Note
-------+----------+-------------------------------------------
     0 | D:1      | Essalna the Draconian Transmuter began the quest for the
                  | Orb.
     0 | D:1      | Reached XP level 1. HP: 16/16 MP: 3/3
   294 | D:1      | Reached XP level 2. HP: 23/23 MP: 3/5
   533 | D:1      | Found a faded altar of an unknown god.
   962 | D:2      | Noticed Terence
   975 | D:2      | Killed Terence
   976 | D:2      | Reached XP level 3. HP: 17/29 MP: 4/6
  1149 | D:2      | Identified the +12 whip "Biukimm" {freeze, rF+ rC- rN+
                  | rCorr}
  1738 | D:3      | Noticed Grinder
  1777 | D:3      | Paralysed by Grinder for 5 turns
  1784 | D:3      | Killed Grinder
  1785 | D:3      | Reached XP level 4. HP: 25/40 MP: 7/7
  1785 | D:3      | Reached XP level 5. HP: 28/46 MP: 8/8
  1793 | D:2      | Learned a level 4 spell: Ice Form
  1953 | D:3      | Reached XP level 6. HP: 49/52 MP: 9/9
  2037 | D:3      | Found Anovedwo's Book Shop.
  2091 | D:3      | Reached skill level 1 in Ice Magic
  2140 | D:3      | Slain by a gnoll bouda

Illustrated notes

Levels and vault maps discovered:
D:1:      lemuel_arrival_behind_the_door_large, layout_basic,
          nicolae_ecumenical_lake_church
D:2:      layout_loops_ring, uniq_terence
D:3:      layout_loops_ring, serial_shops, shop, minmay_checkerbox, uniq_grinder

Skill      XL: |  1  2  3  4  5  6 |
---------------+-------------------+-----
Fighting       | 2 3 4 |  4.2
Unarmed Combat | 4 |  4.5
Transmutations | 3 4 |  4.2
Ice Magic      | 1 |  1.2
Dodging        | |  1.7
Spellcasting   | |  2.0

Action                   |  1- 3 |  4- 6 || total
-------------------------+-------+-------++-------
Melee: Unarmed           |    47 |       ||    47
       Kick              |     9 |       ||     9
       Tailslap          |     7 |     4 ||    11
       Headbutt          |     2 |       ||     2
       Punch             |     3 |     2 ||     5
       Whip              |    30 |    38 ||    68
 Cast: Beastly Appendage |    17 |       ||    17
  Use: Potion            |     4 |       ||     4
       Scroll            |     3 |       ||     3
 Stab: Sleeping          |       |     1 ||     1
Armor: Skin              |    33 |    12 ||    45
Dodge: Dodged            |    61 |    21 ||    82

Table legend: (Time is in decaauts)
 A = Elapsed time spent in this place.
 B = Non-inter-level travel time spent in this place.
 C = Inter-level travel time spent in this place.
 D = Time resting spent in this place.
 E = Time spent auto-exploring this place.
 F = Levels seen in this place.
 G = Mean time per level.
                   A        B        C        D        E       F      G
               +--------+--------+--------+--------+--------+-----+--------+
         Total |   2152 |   2099 |     53 |      0 |   1697 |   3 |  717.3 |
       Dungeon |   2152 |   2099 |     53 |      0 |   1697 |   3 |  717.3 |
               +--------+--------+--------+--------+--------+-----+--------+

Top non-repeatable levels by time:
     D:1: 970 daAuts
     D:2: 932 daAuts
     D:3: 249 daAuts
